 Dungeon Crawl Stone Soup version 0.31.0-9-g3a7656b989 (webtiles) character file.

Game seed: 11761311103275009138

32 qw the Shooter (level 3, -15/18 HPs)
             Began as a Spriggan Hunter on Feb 3, 2024.
             Demolished by Terence
             ... wielding a +2 morningstar of distortion
              (22 damage)
             ... on level 2 of the Dungeon.
             The game lasted 00:00:02 (813 turns).

qw the Shooter (Spriggan Hunter)                     Turns: 813, Time: 00:00:03

Health: -15/18     AC:  2    Str:  7    XL:     3   Next: 10%
Magic:  4/4        EV: 19    Int: 10    God:
Gold:   94         SH:  0    Dex: 20    Spells: 2/2 levels left

rFire   . . .        a - +0 shortbow
rCold   . . .        (shield currently unavailable)
rNeg    . . .        c - +0 robe
rPois   .            (helmet restricted)
rElec   .            (no cloak)
rCorr   .            (gloves unavailable)
SInv    +            (boots unavailable)
Will    .....        (no amulet)
Stlth   ++           (no ring)
HPRegen 0.23/turn    (no ring)
MPRegen 0.09/turn

%: no passive effects
@: very quick
A: very small, no large weapons, unfitting armour, see invisible, speed 3
a: no special abilities


You were on level 2 of the Dungeon.
You visited 1 branch of the dungeon, and saw 2 of its levels.

You collected 94 gold pieces.


Innate Abilities, Weirdness & Mutations

You are very small and have problems with some larger weapons.
You are too small for most types of armour.
You have supernaturally acute eyesight. (SInv)
You cover ground extremely quickly. (Speed+++)


   Skills:
 - Level 1.5 Fighting
 + Level 4.5 Ranged Weapons
 - Level 4.0 Dodging
 - Level 1.5 Stealth


You had 2 spell levels left.
You didn't know any spells.
Your spell library was empty.

Inventory:

Hand Weapons
 a - a +0 shortbow (weapon)
Armour
 c - a +0 robe (worn)
Wands
 b - a wand of iceblast (6)
Potions
 e - a potion of might

Dungeon Overview and Level Annotations

Branches:
Dungeon (2/15)

Altars:

Annotations:
D:2 Terence


Message History

You shoot an arrow.
The arrow hits Terence but does no damage.
Terence barely misses you.
You shoot an arrow. The arrow hits Terence.
Terence is lightly wounded.
Terence misses you.
You shoot an arrow. The arrow hits Terence.
Terence is lightly wounded.
Terence closely misses you.
You shoot an arrow.
The arrow hits Terence but does no damage.
Terence is lightly wounded.
Terence hits you with a +2 morningstar of distortion!
Ouch! That really hurt!
You shoot an arrow. The arrow hits Terence.
Terence is lightly wounded.
Terence barely misses you. Terence completely misses you.
You shoot an arrow.
The arrow hits Terence but does no damage.
Terence is lightly wounded.
Terence looks scornfully at you. Terence misses you.
You shoot an arrow. The arrow hits Terence.
Terence is heavily wounded.
Terence misses you.
You shoot an arrow. The arrow hits Terence.
Terence is severely wounded.
Terence completely misses you.
You shoot an arrow. The arrow closely misses Terence.
Terence closely misses you.
You shoot an arrow. The arrow closely misses Terence.
Terence barely misses you.
You shoot an arrow. The arrow hits Terence!
Terence is almost dead.
Terence says, "You're history."
Terence hits you with a +2 morningstar of distortion.
Space warps horribly around you!!
Ouch! That really hurt!
You die...
Terence says, "Rest in peace."

# #. #.# ###
...#.. #.#.# #.@.#
#@# #(# #.# #.
###########.##
#.###............#
.......########..#
#.#.....## #..#
#...[....######..#
#....(..%........#


You could see Terence.

Vanquished Creatures
  An adder (D:2)
  2 endoplasms (D:1)
  A goblin (D:1)
  2 hobgoblins (D:1)
  3 jackals (D:1)
  2 ball pythons (D:1)
  2 bats (D:1)
  A frilled lizard (D:1)
  3 kobolds (D:1)
  8 rats (D:1)
25 creatures vanquished.

Notes
Turn   | Place    | Note
-------+----------+-------------------------------------------
     0 | D:1      | qw the Spriggan Hunter began the quest for the Orb.
     0 | D:1      | Reached XP level 1. HP: 10/10 MP: 2/2
     0 | D:1      | 0 ||| qw: Version: 0.3-a-155-g5e7d8dd
     0 | D:1      | 0 ||| qw: Game counter: 2938
     0 | D:1      | 0 ||| qw: Melee chars always use a shield: true
     0 | D:1      | 0 ||| qw: God list: Okawaru
     0 | D:1      | 0 ||| qw: Allow faded altars: false
     0 | D:1      | 0 ||| qw: Do Orc after clearing Dungeon:15 true
     0 | D:1      | 0 ||| qw: Do second Lair branch before Depths: true
     0 | D:1      | 0 ||| qw: Lair rune preference: random
     0 | D:1      | 0 ||| qw: Goals: Normal
     0 | D:1      | 0 ||| PLANNING D:1-11
    46 | D:1      | Reached skill level 3 in Dodging
    97 | D:1      | 97 ||| RETREEEEATING.
   111 | D:1      | Reached XP level 2. HP: 11/14 MP: 3/3
   558 | D:1      | Found a faded altar of an unknown god.
   726 | D:1      | 726 ||| READING 3 scrolls labelled PARUXU WIZIU.
   726 | D:1      | 726 ||| IDENTIFYING black potion
   727 | D:1      | 727 ||| READING 2 scrolls of identify.
   727 | D:1      | 727 ||| IDENTIFYING scroll labelled MUJAFUCLYSM
   728 | D:1      | 728 ||| READING scroll of identify.
   728 | D:1      | 728 ||| IDENTIFYING scroll labelled OTOBBUGRYJ
   729 | D:1      | 729 ||| READING scroll labelled ROPPAE JOMIN.
   730 | D:1      | 730 ||| READING scroll labelled UMUIQU HARPHA.
   735 | D:1      | 735 ||| DROPPING scroll of butterflies.
   736 | D:1      | 736 ||| DROPPING scroll of blinking.
   737 | D:1      | 737 ||| DROPPING scroll of revelation.
   778 | D:2      | Reached XP level 3. HP: 18/18 MP: 4/4
   802 | D:2      | Noticed Terence
   813 | D:2      | Demolished by Terence

Levels and vault maps discovered:
D:1:      mrwooster_arrival_statue, layout_loops_ring, basic_ecumenical_altar,
          serial_bayou_ford_a
D:2:      layout_loops_ring, uniq_terence

Skill      XL: |  1  2 |
---------------+-------+-----
Dodging        | 3 4 |  4.0
Fighting       | |  1.5
Ranged Weapons | |  4.5
Stealth        | |  1.5

Action                     || total
---------------------------++-------
   Fire: Shortbow          ||    68
    Use: Scroll            ||     5
 Armour: Robe              ||    11
  Dodge: Dodged            ||    43

Table legend:
 A = Non-vault XP
 B = Vault XP
 C = Vault XP percentage of total XP
 D = Non-vault monster count
 E = Vault monster count
 F = Vault count percentage of total count
                 A         B        C        D         E       F
            +---------+---------+-------+---------+---------+-------
      Total |      47 |       0 |   0.0 |      25 |       0 |   0.0
            +---------+---------+-------+---------+---------+-------
        D:1 |      33 |       0 |   0.0 |      24 |       0 |   0.0
        D:2 |      14 |       0 |   0.0 |       1 |       0 |   0.0
            +---------+---------+-------+---------+---------+-------
